 Dungeon Crawl Stone Soup version 0.22-a0-558-gc224181 (webtiles) character file.

58 Amnesiac the Charlatan (level 3, -1/17 HPs)
             Began as a Spriggan Artificer on June 27, 2018.
             Slain by a hobgoblin
             ... wielding a +0 club
              (3 damage)
             ... on level 3 of the Dungeon.
             The game lasted 00:01:09 (562 turns).

Amnesiac the Charlatan (Spriggan Artificer)          Turns: 562, Time: 00:01:09

Health: -1/17      AC:  2    Str:  9    XL:     3   Next: 76%
Magic:  8/8        EV: 19    Int: 12    God:
Gold:   0          SH:  0    Dex: 16    Spells: 2/2 levels left

rFire    . . .     SeeInvis +   a - +0 short sword
rCold    . . .     Gourm    .   (shield restricted)
rNeg     . . .     Faith    .   b - +0 robe
rPois    .         Spirit   .   (helmet restricted)
rElec    .         Reflect  .   (no cloak)
rCorr    .         Harm     .   (gloves unavailable)
MR       .....                  (boots unavailable)
Stlth    ++........             (no amulet)
HPRegen  0.05/turn              (no ring)
MPRegen  0.11/turn              (no ring)

@: very quick
A: very small, unfitting armour, see invisible, herbivore, speed 3, slow
metabolism 2
a: no special abilities


You were on level 3 of the Dungeon.
You were not hungry.

You visited 1 branch of the dungeon, and saw 3 of its levels.

Inventory:

Hand Weapons
 a - a +0 short sword (weapon)
Armour
 b - a +0 robe (worn)
Wands
 c - a wand of flame (14)
 d - a wand of enslavement (15)
 e - a wand of random effects (14)
Scrolls
 g - a scroll of random uselessness {!r, unknown}
Comestibles
 f - a ration


   Skills:
 - Level 0.7 Fighting
 - Level 1.1 Short Blades
 + Level 4.2 Dodging
 - Level 1.5 Stealth
 * Level 5.6 Evocations


You had 2 spell levels left.
You didn't know any spells.
Your spell library was empty.

Dungeon Overview and Level Annotations

Branches:
Dungeon (3/15)

Altars:


Innate Abilities, Weirdness & Mutations

You are very small and have problems with some larger weapons.
You are too small for most types of armour.
You have supernaturally acute eyesight. (SInv)
You are a herbivore.
You cover ground extremely quickly.
You need to consume almost no food.


Message History

You kill the rat!
Found 11 gold pieces and a ring mail.
You closely miss the leopard gecko. The leopard gecko bites you.
The leopard gecko barely misses you.
You hit the leopard gecko.
The leopard gecko is heavily wounded.
The hobgoblin shouts!
You hear an angry hiss.
The leopard gecko misses you.
You miss the leopard gecko.
The leopard gecko is heavily wounded.
The leopard gecko closely misses you.
You barely miss the leopard gecko.
The leopard gecko is heavily wounded.
The leopard gecko misses you.
A goblin comes into view. It is wielding a club.
You closely miss the leopard gecko.
The leopard gecko is heavily wounded.
The goblin shouts!
You hear an angry hiss.
The leopard gecko closely misses you. The leopard gecko bites you.
You closely miss the leopard gecko.
The leopard gecko is moderately wounded.
The leopard gecko barely misses you.
An adder comes into view.
You hit the leopard gecko.
The leopard gecko is almost dead.
The leopard gecko completely misses you.
The hobgoblin closely misses you.
You barely miss the leopard gecko.
The leopard gecko is almost dead.
The leopard gecko misses you. The hobgoblin misses you.
You hit the leopard gecko.
You kill the leopard gecko!
The hobgoblin barely misses you.
You hit the goblin but do no damage. The goblin hits you with a club.
The hobgoblin misses you.
You hit the adder.
The adder is lightly wounded.
The adder misses you. The goblin completely misses you.
The hobgoblin completely misses you. The adder bites you.
The goblin unwields an uncursed club.
The goblin wields a hunting sling.
The goblin shoots a stone.
The stone misses you. The adder closely misses you. The hobgoblin misses you.
You miss the adder.
The adder is lightly wounded.
The adder closely misses you.
The goblin unwields an uncursed hunting sling.
The goblin wields an uncursed club.
The goblin misses you.
A worm comes into view.
The hobgoblin misses you. The adder closely misses you.
You barely miss the adder.
The adder is lightly wounded.
The adder closely misses you. The goblin completely misses you.
The hobgoblin hits you with a club.
* * * LOW HITPOINT WARNING * * *
You hit the adder but do no damage.
The adder is lightly wounded.
The adder misses you. The goblin misses you.
The hobgoblin completely misses you.
You hit the adder.
The adder is heavily wounded.
The adder bites you.
* * * LOW HITPOINT WARNING * * *
The goblin barely misses you. The hobgoblin hits you with a club.
You die...

.........###
#####....#
##.).# #...#
##...# #....#
#..#.# #
#####..#....
#..g@.$....#
#..Sg..###.#
#........$..
#...#.##.##.#
.......# #.#
###...##. #..
.... # #.
#...[


You could see an adder, a hobgoblin and a goblin.

Vanquished Creatures
  An orc priest (D:2)
  2 worms (D:3)
  A dart slug (D:2)
  A leopard gecko (D:3)
  2 orcs (D:3)
  A bat (D:1)
  A giant cockroach (D:1)
  2 goblins
  4 hobgoblins
  A ball python (D:3)
  A frilled lizard (D:1)
  2 rats
19 creatures vanquished.

Notes
Turn   | Place    | Note
-------+----------+-------------------------------------------
     0 | D:1      | Amnesiac the Spriggan Artificer began the quest for the Orb.
     0 | D:1      | Reached XP level 1. HP: 9/9 MP: 4/4
   169 | D:1      | Reached XP level 2. HP: 11/14 MP: 6/6
   238 | D:2      | Reached skill level 5 in Evocations
   238 | D:2      | Reached XP level 3. HP: 16/17 MP: 8/8
   562 | D:3      | Slain by a hobgoblin

Vault maps used:
D:1:      dpeg_arrival_long_road, hangedman_abyss_or_decor_lesser_grid
D:2:      lemuel_coloured_pillars_altar, chequers_ecumenical_altar_simple,
          nicolae_qazlal_eye_of_the_storm
D:3:      yredelemnul_forgotten_temple_becter

Skill      XL: |  1  2 |
---------------+-------+-----
Dodging        | 4 |  4.2
Evocations     | 5 |  5.6
Fighting       | |  0.7
Short Blades   | |  1.1
Stealth        | |  1.5

Action                   || total
-------------------------++-------
Melee: Short sword       ||    97
Evoke: Wand              ||     2
 Stab: Sleeping          ||     3
Armor: Robe              ||     2
Dodge: Dodged            ||    82

Table legend:
 A = Spawn XP
 B = Non-spawn XP
 C = Spawn XP percentage of total XP
 D = Spawn monster count
 E = Non-spawn monster count
 F = Spawn count percentage of total count
 G = Total turns spent on level
                    A         B        C        D         E        F      G
               +---------+---------+-------+---------+---------+-------+---------
         Total |       0 |      84 |   0.0 |       0 |      19 |   0.0 |   562
               +---------+---------+-------+---------+---------+-------+---------
           D:1 |       0 |      14 |   0.0 |       0 |       8 |   0.0 |   204
           D:2 |       0 |      47 |   0.0 |       0 |       3 |   0.0 |    37
           D:3 |       0 |      23 |   0.0 |       0 |       8 |   0.0 |   321
               +---------+---------+-------+---------+---------+-------+---------
